AoeStats
← CHAMAA

Arabia

507371517Analyzed
2v2 RM · 1mo ago on Sep 17, 2026· 76m 17s· 4 players
Game mode
Random Map
Map size
Medium (4 player)
Population
200
Speed
Normal
Resources
Standard
Victory
Conquest
Starting age
Dark Age
Ending age
Imperial Age
RankedLock teamsTeams togetherTeam positionsShared explorationLock speedFull tech treeHidden civsTurbo modeCheats
Victory
Defeat
🇨🇱 Mapuche · Chile
638
+17
🇺🇸 Britons · United States
583
+19
vs
🇦🇷 Mapuche · Argentina
669
-18
🇦🇷 Franks · Argentina
649
-18
patitocarlos
10:37 Feudal Age
11:36 Feudal Age
16:55 Castle Age
15:33 Double-Bit Axe
17:57 Bow Saw
17:54 Loom
18:08 Horse Collar
19:52 Wheelbarrow
20:39 Heavy Plow
23:22 Fletching
23:33 Padded Archer Armor
27:59 Hand Cart
27:19 Elite Skirmisher
34:14 Imperial Age
34:20 Imperial Age
32:35 Gold Mining
32:11 Pikeman
33:16 Malon
34:47 Bodkin Arrow
35:08 Leather Archer Armor
35:08 Forging
34:24 Onager
36:26 Ballistics
37:07 Chemistry
35:38 Halberdier
37:08 Gold Shaft Mining
37:09 Crop Rotation
37:42 Ring Archer Armor
37:49 Iron Casting
37:38 Butalmapu
38:17 Elite Bolas Rider
38:41 Elite Kona
42:52 Blast Furnace
50:44 Town Watch
GandalfTheGray
0:49 Loom
10:22 Feudal Age
10:54 Double-Bit Axe
11:54 Town Watch
21:05 Castle Age
19:02 Man-at-Arms
20:16 Stone Mining
20:46 Gold Mining
22:43 Horse Collar
23:17 Bow Saw
23:49 Crossbowman
28:54 Wheelbarrow
30:26 Hand Cart
30:11 Light Cavalry
31:55 Sanctity
31:44 Fletching
32:05 Forging
32:46 Heavy Plow
33:40 Long Swordsman
37:52 Imperial Age
36:10 Iron Casting
35:33 Gambesons
35:48 Squires
36:23 Town Patrol
36:28 Husbandry
36:57 Bodkin Arrow
37:13 Padded Archer Armor
37:55 Two-Handed Swordsman
39:01 Conscription
39:12 Ballistics
38:48 Murder Holes
41:15 Blast Furnace
40:21 Bracer
41:38 Elite Longbowman
42:24 Pikeman
44:37 Halberdier
47:05 Leather Archer Armor
47:51 Blast Furnace
48:09 Yeomen
53:49 Elite Skirmisher
56:18 Ring Archer Armor
55:48 Scale Mail Armor
56:05 Caravan
60:22 Champion
69:53 Onager
CHAMAA
0:45 Loom
10:34 Feudal Age
14:29 Wheelbarrow
14:12 Double-Bit Axe
14:11 Horse Collar
16:55 Gold Mining
16:57 Stone Mining
22:17 Castle Age
22:46 Forging
22:36 Scale Mail Armor
26:21 Hand Cart
26:33 Heavy Plow
26:47 Bow Saw
27:13 Gold Shaft Mining
27:13 Stone Shaft Mining
27:20 Iron Casting
28:00 Town Watch
28:36 Caravan
30:47 Ballistics
30:46 Murder Holes
35:26 Imperial Age
34:14 Elite Skirmisher
34:18 Pikeman
36:14 Elite Kona
37:07 Fletching
37:17 Padded Archer Armor
38:18 Blast Furnace
37:33 Chain Mail Armor
38:08 Town Patrol
38:40 Crop Rotation
38:58 Elite Bolas Rider
40:01 Conscription
41:17 Bodkin Arrow
41:38 Leather Archer Armor
46:24 Leather Archer Armor
45:34 Capped Ram
53:08 Ring Archer Armor
53:09 Malon
56:01 Butalmapu
GZicchi
0:37 Loom
10:01 Feudal Age
11:25 Wheelbarrow
10:39 Double-Bit Axe
25:03 Castle Age
23:47 Scale Barding Armor
23:43 Scale Mail Armor
23:54 Forging
23:34 Fletching
23:45 Padded Archer Armor
24:09 Stone Mining
26:12 Gold Mining
31:30 Husbandry
34:01 Iron Casting
33:55 Chain Mail Armor
34:43 Hand Cart
35:49 Chain Barding Armor
35:45 Leather Archer Armor
35:25 Bodkin Arrow
36:38 Fortified Wall
36:24 Murder Holes
36:51 Ballistics
37:28 Town Watch
40:57 Imperial Age
39:09 Caravan
39:18 Elite Skirmisher
41:10 #83
43:19 Gold Shaft Mining
44:21 Chemistry
44:13 Conscription
45:13 Bow Saw
44:39 Elite Throwing Axeman
46:20 Plate Mail Armor
48:35 Cavalier
53:43 Chivalry
55:35 Blast Furnace
55:07 Town Patrol
56:50 Plate Barding Armor
71:57 Light Cavalry
Connection lost

Rejoining the realm…

Still unreachable

The connection could not be restored.

Session expired

The server has moved on; the page needs a fresh start.